 Dungeon Crawl Stone Soup version 0.30-a0-34-gbe8da3892a (webtiles) character file.

Game seed: 17501570834949008128

1456 ytrimaz the Changer (level 8, -8/48 HPs)
             Began as an Octopode Transmuter on Aug 27, 2022.
             Mangled by an orc warrior
             ... wielding a +2 glaive of pain
              (19 damage)
             ... on level 6 of the Dungeon.
             The game lasted 00:07:25 (7002 turns).

ytrimaz the Changer (Octopode Transmuter)           Turns: 7002, Time: 00:07:26

Health: -8/48      AC:  2    Str:  9    XL:     8   Next: 76%
Magic:  15/17      EV: 19    Int: 17    God:
Gold:   231        SH:  0    Dex: 18    Spells: 9/19 levels left

rFire   . . .      SeeInvis .      - Unarmed
rCold   . . .      Faith    .    (shield currently unavailable)
rNeg    . . .      Spirit   .    (helmet currently unavailable)
rPois   .          Reflect  .    (no amulet)
rElec   .          Harm     .    d - ring of poison resistance
rCorr   .          Rampage  .    (no ring)
Will    .....                    (no ring)
Stlth   ++........               (no ring)
HPRegen 0.16/turn                (no ring)
MPRegen 0.15/turn                (no ring)
                                 (no ring)
                                 (no ring)

@: spider-form
A: venomous fangs, almost no armour, (amphibious), 8 rings, tiny, (camouflage
1), (gelatinous body 1), (nimble swimmer 1), (tentacles)
a: End Transformation


You were on level 6 of the Dungeon.
You were a venomous arachnid creature.
You visited 1 branch of the dungeon, and saw 6 of its levels.

You collected 231 gold pieces.

Inventory:

Jewellery
 d - a ring of poison resistance (left front leg)
Wands
 c - a wand of polymorph (5)
 k - a wand of digging (4)
 m - a wand of flame (20) (quivered)
Scrolls
 a - 2 scrolls of amnesia
Potions
 b - a potion of magic
 f - a potion of resistance
 h - a potion of lignification
 i - a potion of attraction
 l - a potion of flight
 n - a potion of brilliance


   Skills:
 - Level 1.0 Fighting
 - Level 2.0 Dodging
 - Level 4.1 Unarmed Combat
 + Level 6.1 Spellcasting
 + Level 6.3 Transmutations
 * Level 3.2 Ice Magic
 - Level 4.0 Poison Magic


You had 9 spell levels left.
You knew the following spells:

 Your Spells              Type           Power      Damage    Failure   Level
a - Beastly Appendage     Tmut           52%        N/A       4%          1
b - Wereblood             Tmut           26%        N/A       6%          2
c - Spider Form           Tmut/Pois      22%        N/A       14%         3
d - Ice Form              Ice/Tmut       21%        N/A       36%         4

Your spell library contained the following spells:

 Spells                   Type           Power      Damage    Failure   Level
 Static Discharge         Conj/Air       10%        3-4/arc   38%         2
 Blade Hands              Tmut           13%        N/A       47%         5
 Portal Projectile        Hex/Tloc       10%        N/A       58%         3
 Tukima's Dance           Hex            5%         N/A       58%         3
 Lightning Bolt           Conj/Air       2%         1d14      99%         5
 Maxwell's Capacitive Co  Air            2%         ∞         100%        8


Dungeon Overview and Level Annotations

Branches:
Dungeon (6/15)
 Temple: D:4-7

Altars:
Ru

Shops:
D:1 [

Annotations:
D:3 1 runed translucent door, Crazy Yiuf


Innate Abilities, Weirdness & Mutations

You are a venomous arachnid creature.
You have poisonous fangs.
You are tiny and dextrous.
Your spellcasting is less reliable in this form.
Your armour is entirely melded.
You are incapable of wielding weapons or throwing items.
You cannot wear most types of armour.
((You are amphibious.))
You can wear up to eight rings at the same time.
((Your skin changes colour to match your surroundings (Stealth+).))
((Your rubbery body absorbs attacks. (AC +1, EV +1)))
((You are camouflaged when in or above water. (Stealth+)))
((You have tentacles for arms and can constrict up to eight enemies at once.))


Message History

An orc comes into view. It is wielding a +0 flail.
A howler monkey comes into view.
You hit the orc but do no damage.
The orc is poisoned.
The orc hits you with a +0 whip.
The orc warrior hits you from afar with a +2 glaive of pain!
You writhe in agony.
You hit the orc.
The orc looks even sicker.
The orc is heavily wounded.
The orc closely misses you. The orc warrior completely misses you.
The howler monkey closely misses you.
You hit the orc but do no damage.
The orc looks as sick as possible!
The orc is almost dead.
You kill the orc!
The howler monkey hoots and howls with incredible vigour!
The orc warrior barely misses you.
You bite the howler monkey!
The howler monkey is heavily wounded.
The howler monkey misses you.
The orc warrior hits you from afar with a +2 glaive of pain!!
* * * LOW HITPOINT WARNING * * *
You writhe in agony.
* * * LOW HITPOINT WARNING * * *
Okay, then.
You feel much better. The howler monkey hits you. The orc warrior misses you.
The orc warrior barely misses you. The howler monkey barely misses you.
You see here a +0 whip.
Okay, then.
Press: ? - help, v - describe, . - travel
Here: an orc warrior, wielding a +2 glaive of pain, wearing a +0 chain mail and quivering silver boomerangs The floor.
You barely miss the orc warrior.
The orc warrior hits you with a +2 glaive of pain!
* * * LOW HITPOINT WARNING * * *
The howler monkey hits you.
* * * LOW HITPOINT WARNING * * *
You hit the orc warrior but do no damage.
The orc warrior is poisoned.
The howler monkey hoots and howls with incredible vigour!
The orc warrior hits you with a +2 glaive of pain!!
You die...

### #.# #..
..# ##.##
#..# .o. ...#
#o###...#
#s#.#...#
#h#<#...#
#.#.....#
#.......#
#...........#
#########.###
.# #


You could see an orc warrior (very poisoned), a howler monkey (catching breath)
and an orc.

Vanquished Creatures
  Eustachio (D:5)
  A steam dragon (D:4)
  2 black bears
  An ice beast (D:5)
  2 ogres
  A centaur (D:5)
  A phantom (D:4)
  A scorpion (D:4)
  A gnoll sergeant (D:5)
  2 jellies (D:5)
  Jessica (D:3)
  Ijyb (D:5)
  Terence (D:2)
  Natasha (thrice) (D:2)
  An iguana (D:5)
  7 gnolls
  5 adders
  A shadow imp (D:5)
  A white imp (D:4)
  2 ufetubi (D:5)
  A worm (D:2)
  3 dart slugs
  7 orcs
  12 ball pythons
  8 endoplasms
  2 giant cockroaches
  8 goblins
  4 hobgoblins
  7 jackals
  8 kobolds
  5 quokkas
  6 bats
  3 frilled lizards
  5 rats
115 creatures vanquished.

Vanquished Creatures (others)
  6 plants (D:5)
6 creatures vanquished.

Grand Total: 121 creatures vanquished

Notes
Turn   | Place    | Note
-------+----------+-------------------------------------------
     0 | D:1      | ytrimaz the Octopode Transmuter began the quest for the
                  | Orb.
     0 | D:1      | Reached XP level 1. HP: 13/13 MP: 3/3
    28 | D:1      | Reached XP level 2. HP: 4/18 MP: 5/5
   828 | D:1      | Reached XP level 3. HP: 21/23 MP: 3/6
   831 | D:1      | Learned a level 2 spell: Wereblood
   835 | D:1      | Learned a level 3 spell: Spider Form
   857 | D:1      | Found Muubaes's Armour Shoppe.
   929 | D:1      | Found a faded altar of an unknown god.
  1619 | D:2      | Reached skill level 1 in Poison Magic
  1737 | D:2      | Noticed Natasha
  1820 | D:2      | Killed Natasha
  1821 | D:2      | Reached XP level 4. HP: 4/28 MP: 4/7
  1939 | D:2      | Noticed Natasha
  1962 | D:2      | Killed Natasha
  2046 | D:2      | Noticed Natasha
  2053 | D:2      | Killed Natasha
  2054 | D:2      | Reached XP level 5. HP: 27/33 MP: 4/9
  2116 | D:2      | Noticed Terence
  2134 | D:2      | Killed Terence
  2747 | D:3      | Learned a level 4 spell: Ice Form
  2966 | D:3      | Identified the +0 ring mail "Utout" {Will+ Int+5}
  2975 | D:3      | Noticed Jessica
  2986 | D:3      | Killed Jessica
  3336 | D:3      | Found a runed translucent door.
  3337 | D:3      | Noticed Crazy Yiuf
  3375 | D:3      | Reached XP level 6. HP: 26/38 MP: 11/11
  4491 | D:4      | Noticed a steam dragon
  4502 | D:4      | Killed a steam dragon
  4503 | D:4      | Reached XP level 7. HP: 38/43 MP: 9/13
  5244 | D:4      | Reached skill level 1 in Ice Magic
  5348 | D:5      | Entered Level 5 of the Dungeon
  5399 | D:5      | Reached skill level 5 in Spellcasting
  5399 | D:5      | Reached skill level 5 in Transmutations
  5608 | D:5      | Reached XP level 8. HP: 48/48 MP: 10/15
  5686 | D:5      | You fall into a shaft and drop 1 floor!
  6255 | D:5      | Noticed Ijyb
  6279 | D:5      | Killed Ijyb
  6461 | D:5      | Found a sacrificial altar of Ru.
  6503 | D:5      | Noticed Eustachio
  6550 | D:5      | Killed Eustachio
  7002 | D:6      | Mangled by an orc warrior

Illustrated notes

Levels and vault maps discovered:
D:1:      erik_arrival_orb_chamber, layout_loops_ring, serial_shops,
          nicolae_diamond_shop, ebering_ecumenical_altar_rust
D:2:      layout_rooms, st_stairs_4, uniq_natasha, uniq_terence
D:3:      layout_loops_ring, minmay_fractal_squares_diagonal_5, uniq_jessica,
          uniq_crazy_yiuf_cottage
D:4:      layout_cave_pods, dreamdust_princess_corridor
D:5:      layout_loops_ring, lemuel_crystal_altar, nicolae_grassy_gnolls,
          uniq_eustachio, uniq_ijyb
D:6:      minmay_goblin_kobold_castle, layout_basic,
          minmay_temple_entry_statues_pillars, wad_woods_river_04,
          kennysheep_nub, kennysheep_generic_room_13

Skill      XL: |  1  2  3  4  5  6  7  8 |
---------------+-------------------------+-----
Unarmed Combat | 4 |  4.1
Poison Magic   | 1 2 3 4 |  4.0
Spellcasting   | 3 4 5 6 |  6.1
Transmutations | 3 4 5 6 |  6.3
Ice Magic      | 1 3 |  3.2
Fighting       | |  1.0
Dodging        | |  2.0

Action                   |  1- 3 |  4- 6 |  7- 9 || total
-------------------------+-------+-------+-------++-------
Melee: Unarmed           |    92 |   125 |   111 ||   328
       Kick              |    14 |     5 |       ||    19
       Constrict         |    16 |    15 |     6 ||    37
       Punch             |     4 |       |     1 ||     5
       Tentacles         |     8 |    15 |     5 ||    28
 Cast: Beastly Appendage |    13 |     9 |     2 ||    24
       Spider Form       |     2 |    11 |     9 ||    22
       Wereblood         |       |     2 |     1 ||     3
       Ice Form          |       |       |     8 ||     8
 Abil: End Transformatio |       |       |     1 ||     1
Evoke: Wand              |       |       |     5 ||     5
  Use: Potion            |     4 |     2 |     5 ||    11
       Scroll            |     4 |     3 |     3 ||    10
 Stab: Sleeping          |     5 |     3 |     1 ||     9
Armor: Skin              |    23 |    14 |    14 ||    51
Dodge: Dodged            |    60 |   126 |   101 ||   287

Table legend: (Time is in decaauts)
 A = Elapsed time spent in this place.
 B = Non-inter-level travel time spent in this place.
 C = Inter-level travel time spent in this place.
 D = Time resting spent in this place.
 E = Time spent auto-exploring this place.
 F = Levels seen in this place.
 G = Mean time per level.
                   A        B        C        D        E       F      G
               +--------+--------+--------+--------+--------+-----+--------+
         Total |   6995 |   6823 |    172 |    546 |   5177 |   6 | 1165.8 |
       Dungeon |   6995 |   6823 |    172 |    546 |   5177 |   6 | 1165.8 |
               +--------+--------+--------+--------+--------+-----+--------+

Top non-repeatable levels by time:
     D:1: 1790 daAuts
     D:5: 1607 daAuts
     D:4: 1396 daAuts
     D:3: 1211 daAuts
     D:2: 940 daAuts
     D:6: 50 daAuts
